 Dungeon Crawl Stone Soup version 0.31-a0-1338-gb567cfdca4 (webtiles) character file.

Game seed: 17453996120504101558

89 IdlyInterested the Changeling (level 4, -3/32 HPs)
             Began as a Demonspawn Shapeshifter on Dec 21, 2023.
             Succumbed to a scorpion's poison
             ... on level 4 of the Dungeon.
             The game lasted 00:08:00 (2710 turns).

IdlyInterested the Changeling (DsSh)                Turns: 2710, Time: 00:08:00

Health: -3/32      AC:  5    Str: 14    XL:     4   Next: 31%
Magic:  5/5        EV: 11    Int: 12    God:
Gold:   139        SH:  0    Dex: 15    Spells: 4/4 levels left

rFire   . . .        n - +2 short sword (venom)
rCold   . . .        (no shield)
rNeg    + . .        a - +0 ring mail
rPois   .            (helmet currently unavailable)
rElec   .            (cloak currently unavailable)
rCorr   .            (gloves currently unavailable)
SInv    .            (boots currently unavailable)
Will    .....        (no amulet)
Stlth   +            q - ring of positive energy
HPRegen 0.25/turn    (no ring)
MPRegen 0.09/turn

%: no passive effects
@: lethally poisoned (-3 -> -23), beast-form
A: beast (slay +2), antennae 1, spiny 1, big brain 1
a: Begin Untransformation


You were on level 4 of the Dungeon.
You were a hulking beast.
You visited 1 branch of the dungeon, and saw 4 of its levels.

You collected 139 gold pieces.

Inventory:

Hand Weapons
 e - a +0 whip of draining
 i - a +0 spear
 l - a +0 rapier
 m - a +0 hand axe
 n - a +2 short sword of venom (weapon)
 t - a +0 mace
Missiles
 o - 10 stones (quivered)
 v - 6 poisoned darts
Armour
 a - a +0 ring mail (worn)
 p - a +0 tower shield
 y - a +0 leather armour
Jewellery
 q - a ring of positive energy (left hand)
 u - a ring of magical power
Talismans
 c - a beast talisman
 d - a flux talisman
Scrolls
 f - a scroll of immolation {unknown}
 j - a scroll of silence
 s - 2 scrolls of fog
 z - a scroll of revelation {unknown}
Potions
 b - 2 potions of lignification
 g - a potion of mutation {unknown}
 h - a potion of resistance {unknown}
 k - a potion of heal wounds {unknown}
 w - a potion of attraction {unknown}
 x - a potion of curing {unknown}


   Skills:
 - Level 1.0 Fighting
 - Level 1.0 Armour
 - Level 1.7 Dodging
 - Level 1.0 Stealth
 * Level 0.3 Shields
 - Level 2.6 Unarmed Combat
 + Level 0.8 Spellcasting
 * Level 3.9 Shapeshifting


You had 4 spell levels left.
You didn't know any spells.
Your spell library contained the following spells:

 Spells                   Type           Power      Damage    Failure   Level
 Necrotise                Necr           0%         1d4       54%         1
 Vampiric Draining        Necr           0%         2d6       88%         3
 Agony                    Necr           0%         N/A       100%        5


Dungeon Overview and Level Annotations

Branches:
Dungeon (4/15)
 Temple: D:4-7

Altars:

Shops:
D:2 [

Annotations:
D:4 Pikel, Sigmund


Innate Abilities, Weirdness & Mutations

You are a hulking beast.
Your limbs bulge with bestial killing power. (Slay +2)
You have a pair of small antennae on your head.
You are partially covered in sharp spines.
You have an unusually large brain. (Int +2)


Message History

You feel strangely unstable.
You closely miss the lemure. The lemure hits you.
You completely miss the lemure.
Your surroundings suddenly seem different.
You start resting.
HP restored.
A scorpion comes into view.
Found 9 gold pieces.
Sigmund hits you but does no damage.
A worm comes into view.
Found 2 boomerangs.
Found a stone staircase leading up.
Sigmund is struck by your spines. Sigmund hits you with a +0 scythe.
The scorpion stings you but does no damage.
Sigmund is struck by your spines. Sigmund hits you but does no damage.
You barely miss Sigmund.
Sigmund is lightly wounded.
The scorpion is struck by your spines. The scorpion closely misses you.
You closely miss Sigmund.
Sigmund is lightly wounded.
The scorpion stings you but does no damage.
Sigmund is struck by your spines. Sigmund hits you with a +0 scythe!
You hit Sigmund.
Sigmund is poisoned.
Sigmund is moderately wounded.
The scorpion closely misses you. Sigmund is struck by your spines.
Sigmund hits you but does no damage.
Okay, then.
You hit Sigmund.
Sigmund is heavily wounded.
The scorpion is struck by your spines. The scorpion stings you.
You are poisoned.
The scorpion poisons you! The scorpion stings you.
You are lethally poisoned!
The scorpion poisons you! The worm is struck by your spines.
The worm bites you!
* * * LOW HITPOINT WARNING * * *
* * * LOW HITPOINT WARNING * * *
You feel very sick. Sigmund barely misses you.
You die...

. # . .# (### #.#
..###.. #.#... ..
######w#.##....
#..h.s@........
#...####..#######
....#
###.......... ###
#......######
......##.###
#$###.# #...# .
#. ###.# .. .#
..< .


You could see Sigmund (very poisoned), a worm and a scorpion.

Vanquished Creatures
  3 adders
  A worm (D:2)
  A dart slug (D:3)
  5 bats
  4 endoplasms
  A giant cockroach (D:2)
  7 goblins
  3 hobgoblins
  4 jackals (D:2)
  2 quokkas
  8 ball pythons
  6 frilled lizards
  6 kobolds
  4 rats
55 creatures vanquished.

Notes
Turn   | Place    | Note
-------+----------+-------------------------------------------
     0 | D:1      | IdlyInterested the Demonspawn Shapeshifter began the quest
                  | for the Orb.
     0 | D:1      | Reached XP level 1. HP: 15/15 MP: 1/1
    93 | D:1      | Reached skill level 3 in Shapeshifting
   135 | D:1      | Gained mutation: You have an unusually large brain. (Int
                  | +2) [demonic ancestry]
   135 | D:1      | Reached XP level 2. HP: 13/21 MP: 2/2
   496 | D:1      | Reached skill level 1 in Armour
   669 | D:1      | You fall into a shaft and drop 1 floor!
   947 | D:2      | Gained mutation: You are partially covered in sharp spines.
                  | [demonic ancestry]
   947 | D:2      | Reached XP level 3. HP: 26/26 MP: 3/3
  1203 | D:2      | Reached skill level 1 in Stealth
  1494 | D:2      | Found Adwiocweyc's Antique Armour Shoppe.
  2031 | D:3      | Gained mutation: You have a pair of small antennae on your
                  | head. [demonic ancestry]
  2031 | D:3      | Reached XP level 4. HP: 28/32 MP: 4/4
  2451 | D:3      | Found a faded altar of an unknown god.
  2663 | D:4      | Noticed Sigmund
  2663 | D:4      | Noticed Pikel
  2663 | D:4      | Noticed a lemure
  2663 | D:4      | Noticed a lemure
  2663 | D:4      | Noticed a lemure
  2664 | D:4      | Noticed a lemure
  2700 | D:4      | Noticed a scorpion
  2709 | D:4      | HP: 1/32 [poisoned by a scorpion]
  2710 | D:4      | Succumbed to a scorpion's poison

Illustrated notes

Levels and vault maps discovered:
D:1:      psy_arrival_radial02, layout_basic, st_stairs_6
D:2:      layout_loops_corners, serial_shops, shop
D:3:      layout_loops_cross, chequers_ecumenical_altar_grove
D:4:      layout_rooms, mainiacjoe_overflow_alcove_2, uniq_sigmund,
          uniq_crazy_yiuf_cottage, uniq_grinder, uniq_pikel

Skill      XL: |  1  2  3 |
---------------+----------+-----
Shapeshifting  | 3 |  3.9
Armour         | 1 |  1.0
Stealth        | 1 |  1.0
Fighting       | |  1.0
Dodging        | |  1.7
Shields        | |  0.3
Unarmed Combat | |  2.6
Spellcasting   | |  0.8

Action                     |  1- 3 |  4- 6 || total
---------------------------+-------+-------++-------
  Melee: Whip              |    32 |       ||    32
         Short sword       |    55 |    15 ||    70
    Use: Scroll            |     3 |     1 ||     4
   Stab: Sleeping          |     1 |       ||     1
 Armour: Animal skin       |    32 |       ||    32
         Leather armour    |     2 |     4 ||     6
         Ring mail         |       |    14 ||    14
  Dodge: Dodged            |    53 |     6 ||    59

Table legend: (Time is in decaauts)
 A = Elapsed time spent in this place.
 B = Non-inter-level travel time spent in this place.
 C = Inter-level travel time spent in this place.
 D = Time resting spent in this place.
 E = Time spent auto-exploring this place.
 F = Levels seen in this place.
 G = Mean time per level.
                   A        B        C        D        E       F      G
               +--------+--------+--------+--------+--------+-----+--------+
         Total |   2710 |   2469 |    241 |     88 |   1762 |   4 |  677.5 |
       Dungeon |   2710 |   2469 |    241 |     88 |   1762 |   4 |  677.5 |
               +--------+--------+--------+--------+--------+-----+--------+

Top non-repeatable levels by time:
     D:2: 975 daAuts
     D:1: 923 daAuts
     D:3: 764 daAuts
     D:4: 46 daAuts
